 Dungeon Crawl Stone Soup version 0.32-a0-135-g14f8b2e1af (webtiles) character file.

Game seed: 268258906406792998

201915 ghhjgh the Warrior (level 17, -9/163 HPs)
             Began as a Minotaur Fighter on Feb 10, 2024.
             Was the Champion of Okawaru.
             Drowned by a water nymph (14 damage)
             ... on level 2 of the Shoals.
             The game lasted 00:51:01 (24885 turns).

ghhjgh the Warrior (Minotaur Fighter)              Turns: 24885, Time: 00:51:02

Health: -9/163     AC: 46    Str: 31    XL:     17   Next: 93%
Magic:  27/29      EV: 19    Int:  2    God:    Okawaru [******]
Gold:   1289       SH: 10    Dex: 15    Spells: 16/16 levels left

rFire   . . .        x - +5 broad axe (heavy)
rCold   + + .        c - +0 buckler
rNeg    . . .        G - +4 plate armour {rPois}
rPois   +            w - +2 hat "Faag" {Harm rC+ Str+2 Slay+3}
rElec   .            B - +1 cloak "Miucekha" {Regen+ MP+9 Str+4 Int-2}
rCorr   .            v - +2 pair of gloves
SInv    .            p - +3 pair of boots of Zinael {Regen+}
Will    +....        a - amulet of regeneration Stlth
                     H - +4 ring of protection
HPRegen 2.87/turn    u - +4 ring of protection
MPRegen 0.21/turn

%: harm (+30% outgoing, +20% incoming)
@: lit by a corona, weak-willed, afraid, heroic, enlightened, flying, glowing
A: horns 2, retaliatory headbutt, agile 1, cold resistance 1, high MP 1, weak 1
}: 1/15 runes: gossamer
a: Renounce Religion, Heroism, Finesse, Duel


You were on level 2 of the Shoals.
You worshipped Okawaru.
Okawaru was exalted by your worship.
You visited 6 branches of the dungeon, and saw 29 of its levels.
You also visited: Gauntlet and Ice Cave.

You collected 2629 gold pieces.
You spent 1340 gold pieces at shops.

Inventory:

Hand Weapons
 x - a +5 heavy broad axe (weapon)
 F - the +27 heavy crossbow "Sniper" {heavy, Acc+∞ SInv}
   (You took it off a minotaur in a Gauntlet)

   Acc+∞: It never misses its target.
   SInv:      It lets you see invisible.
 V - a +0 broad axe of venom
Missiles
 y - 3 throwing nets (quivered)
Armour
 c - a +0 buckler (worn)
 p - the +3 pair of boots of Zinael (worn) {Regen+}
   (You found it on level 1 of the Lair of Beasts)

   Regen+:    It increases your rate of health regeneration.
 r - a +1 hat of willpower
 v - a +2 pair of gloves (worn)
 w - the +2 hat "Faag" (worn) {Harm rC+ Str+2 Slay+3}
   (Okawaru gifted it to you in a Gauntlet)

   Str+2:     It affects your strength (+2).
   Slay+3:    It affects your accuracy & damage with ranged weapons and melee
   (+3).
   rC+:       It protects you from cold.
   Harm:      It increases damage dealt and taken.
 B - the +1 cloak "Miucekha" (worn) {Regen+ MP+9 Str+4 Int-2}
   (You found it in a Gauntlet)

   Str+4:     It affects your strength (+4).
   Int-2:     It affects your intelligence (-2).
   MP+9:      It affects your magic capacity (+9).
   Regen+:    It increases your rate of health regeneration.
 G - a +4 plate armour of poison resistance (worn)
 J - a +0 cloak of preservation
 P - a +5 chain mail
 W - a +2 hat of stealth
Jewellery
 a - an amulet of regeneration (around neck)
 g - a ring of see invisible
 i - a ring of fire
 o - an amulet of the acrobat
 u - a +4 ring of protection (right hand)
 E - the ring of Ilogem {Fire rPois Str+3 Int+3}
   (You found it in a Gauntlet)

   [ring of fire]

   Fire:      It enhances your fire magic.
   Str+3:     It affects your strength (+3).
   Int+3:     It affects your intelligence (+3).
   rF+:       It protects you from fire.
   rC-:       It makes you vulnerable to cold.
   rPois:     It protects you from poison
 H - a +4 ring of protection (left hand)
Talismans
 b - a talisman of death
Wands
 d - a wand of iceblast (14)
 h - a wand of flame (24)
 n - a wand of digging (28)
 s - a wand of acid (17)
Scrolls
 k - 2 scrolls of blinking
 m - 10 scrolls of identify
 q - 13 scrolls of teleportation
 C - 6 scrolls of fear
 I - 5 scrolls of revelation
 K - a scroll of torment
 M - 2 scrolls of immolation
 N - 2 scrolls of silence
 O - 2 scrolls of fog
Potions
 e - 2 potions of cancellation
 f - 3 potions of ambrosia
 j - 4 potions of attraction
 l - 3 potions of magic
 t - 6 potions of heal wounds
 z - 12 potions of curing
 A - 2 potions of resistance
 Q - 3 potions of haste
 R - 2 potions of lignification
 S - a potion of might
 T - a potion of invisibility
 X - a potion of mutation
Miscellaneous
 D - a lightning rod (4/4)
 L - a phial of floods


   Skills:
 + Level 18.0(23.0) Fighting
 + Level 17.8(22.8) Axes
 + Level 17.9(22.9) Armour
 + Level 16.2(21.2) Dodging
 + Level 18.0(23.0) Shields
 + Level 3.3 Invocations


You had 16 spell levels left.
You didn't know any spells.
Your spell library contained the following spells:

 Spells                   Type           Power      Damage    Failure   Level
 Apportation              Tloc           0%         N/A       92%         1
 Foxfire                  Conj/Fire      0%         2x1d4     92%         1
 Freeze                   Ice            0%         1d3       92%         1
 Necrotise                Necr           0%         1d4       92%         1
 Shock                    Conj/Air       0%         1d3       92%         1
 Slow                     Hex            0%         N/A       92%         1
 Sting                    Conj/Alch      0%         1d3       92%         1
 Cigotuvi's Dreadful Rot  Necr/Alch/Air  0%         N/A       98%         2
 Ensorcelled Hibernation  Hex/Ice        0%         N/A       98%         2
 Static Discharge         Conj/Air       0%         3-3/arc   98%         2
 Sublimation of Blood     Necr           0%         N/A       98%         2
 Confusing Touch          Hex            0%         N/A       100%        3
 Frozen Ramparts          Ice            0%         1d1       100%        3
 Gell's Gravitas          Tloc           0%         N/A       100%        3
 Hailstorm                Conj/Ice       0%         3d5       100%        3
 Ozocubu's Armour         Ice            0%         N/A       100%        3
 Passwall                 Erth           0%         N/A       100%        3
 Sigil of Binding         Hex            0%         N/A       100%        3
 Stone Arrow              Conj/Erth      0%         3d7       100%        3
 Swiftness                Air            0%         N/A       100%        3
 Teleport Other           Tloc           0%         N/A       100%        3
 Vampiric Draining        Necr           0%         2d6       100%        3
 Airstrike                Air            0%         2d(0-16)  100%        4
 Dimensional Bullseye     Hex/Tloc       0%         N/A       100%        4
 Iskenderun's Mystic Bla  Conj/Tloc      0%         2d3       100%        4
 Leda's Liquefaction      Alch/Erth      0%         N/A       100%        4
 Manifold Assault         Tloc           0%         N/A       100%        4
 Petrify                  Alch/Erth      0%         N/A       100%        4
 Alistair's Intoxication  Alch           0%         N/A       100%        5
 Borgnjor's Vile Clutch   Necr/Erth      0%         N/A       100%        5
 Irradiate                Conj/Alch      0%         3d11      100%        5
 Metabolic Englaciation   Hex/Ice        0%         N/A       100%        5
 Dispersal                Tloc           0%         N/A       100%        6
 Eringya's Noxious Bog    Alch           0%         4d6       100%        6
 Plasma Beam              Fire/Air       0%         2x1d10    100%        6
 Starburst                Conj/Fire      0%         6d3       100%        6
 Disjunction              Tloc           0%         N/A       100%        8
 Lehudib's Crystal Spear  Conj/Erth      0%         10d2      100%        8
 Chain Lightning          Conj/Air       0%         N/A       100%        9
 Summon Small Mammal      Summ           Unusable   N/A       N/A         1
 Call Canine Familiar     Summ           Unusable   N/A       N/A         3
 Tukima's Dance           Hex            Unusable   N/A       N/A         3
 Animate Armour           Summ/Erth      Unusable   N/A       N/A         4
 Summon Lightning Spire   Summ/Air       Unusable   N/A       N/A         4
 Sculpt Simulacrum        Ice/Alch       Unusable   N/A       N/A         6

Dungeon Overview and Level Annotations

Branches:
Dungeon (15/15)            Temple (1/1) D:5            Lair (5/5) D:9
 Shoals (2/4) Lair:2       Spider (4/4) Lair:3        Slime (0/5) Lair:4
    Orc (2/2) D:11            Elf (0/3) Orc:2        Vaults (0/5) D:14
 Depths (0/4) D:15          IceCv (visited)         Gauntlet (visited)

Altars:
Ashenzari
Cheibriados
Dithmenos
Elyvilon
Fedhas
Gozag
Hepliaklqana
Kikubaaqudgha
Makhleb
Nemelex Xobeh
Okawaru
Qazlal
Ru
Sif Muna
Trog
Uskayaw
Vehumet
Wu Jian
Xom
Yredelemnul
Zin
The Shining One
Jiyva

Shops:
D:8 :   D:9 !   Orc:1 :::   Orc:2 ?(?*(?   Shoals:1 [

Annotations:
D:14 2 runed translucent doors, Lernaean hydra
Lair:4 exclusion: 5 oklob plants


Innate Abilities, Weirdness & Mutations

You have a pair of horns on your head.
You reflexively headbutt those who attack you in melee.
You are agile. (Dex +4, Str/Int -1)
Your flesh is cold resistant. (rC+)
You have an increased reservoir of magic. (+10% MP)
You are weak. (Str -2)


Message History

You feel much better. You block the water nymph's attack.
The satyr shoots an arrow.
The arrow hits you!
Unknown command.
The snapping turtle bites you but does no damage.
You block the water nymph's attack.
The satyr plays a lulling melody on its pipes!
You fall asleep.
The water nymph casts a spell at you. The water swirls and strikes you!!
You wake up.
* * * LOW HITPOINT WARNING * * *
The snapping turtle bites you but does no damage.
Things that are here:
a +0 spear; a +0 sling
Okay, then.
Unknown command.
You gain the combat prowess of a mighty hero.
The satyr plays a frightful melody on its pipes!
The satyr radiates an aura of fear!
You are terrified of the satyr!
The water nymph misses you. You furiously retaliate!
You headbutt the water nymph! The snapping turtle bites you!
* * * LOW HITPOINT WARNING * * *
You feel much better.
The satyr unwields a +0 longbow.
The satyr wields a +0 club.
The satyr splashes around in the water.
The water nymph touches you. The water nymph drowns you!
* * * LOW HITPOINT WARNING * * *
Unknown command.
You feel very buoyant.
You fly up into the air.
The satyr unwields a +0 club.
The satyr wields a +0 longbow.
The satyr shoots an arrow.
The arrow misses you.
The arrow hits the water nymph!
The snapping turtle bites you but does no damage.
The water nymph gestures at you while chanting.
The water rises up and strikes you!!
* * * LOW HITPOINT WARNING * * *
You feel much better.
The satyr shoots an arrow.
The arrow hits you!!
* * * LOW HITPOINT WARNING * * *
You block the snapping turtle's attack. The water nymph touches you.
The water nymph drowns you!
You die...

.~~~..>..≈≈~~~~~~~~
....~~~...~~..~~~~.
.~...~.~.......~~~.
..~.~~.......~~~~~.
.P≈≈~.~~~##.~~~~~~~
P~≈~~~~~~#..~~~~..#
P≈≈~~~~~...)~~~~..#
≈≈≈≈≈≈~~.~~~~~~~~..
P≈≈≈≈≈~..~m@c..~~~.
≈≈≈≈≈~.~~~~t..=~~.
≈≈≈~~~~~~~~~..~~.
≈≈~~~~~~~.#..~~
P~≈≈≈~~~~.#.~~~
~~~~~~~~~.. ~~~
~P.~~~~~~~~. ~~
#..P~~~~~~...


You could see a satyr (scary), a snapping turtle and a water nymph.

Vanquished Creatures
  Frances (Spider:2)
  Gastronok (Lair:2)
  11 emperor scorpions
  6 ghost moths
  A very ugly thing (D:10)
  4 broodmothers (Spider:3)
  A minotaur (Gauntlet)
  A spark wasp (Spider:3)
  An ettin (Orc:1)
  A merfolk impaler (Shoals:2)
  The ghost of Dawoas the Carver, a journeyman VSEn of Uskayaw (Lair:4)
  5 entropy weavers
  Josephine (Orc:1)
  Erolcha (Orc:1)
  A fire dragon (D:15)
  5 hydras
  3 catoblepae (Lair:5)
  5 jorogumos
  8 centaur warriors
  6 ogre magi
  2 radroaches
  7 boulder beetles
  25 two-headed ogres
  9 demonic crawlers
  11 death yaks
  A death scarab (Spider:3)
  An orc high priest (Orc:1)
  Sonja (Lair:3)
  11 pharaoh ants
  2 skysharks
  A sea snake (Shoals:2)
  8 orb spiders
  5 steelbarb worms
  3 orc knights
  A sun moth (Spider:4)
  A necromancer (IceCv)
  9 harpies
  4 manticores
  An ugly thing (D:12)
  A deep elf pyromancer (D:13)
  2 orc sorcerers (Orc:1)
  A salamander (D:15)
  10 wolf spiders
  5 fauns
  8 cyclopes
  A shining eye (shapeshifter) (D:15)
  3 meliai (Spider:3)
  5 moths of wrath
  2 eyes of devastation (Gauntlet)
  4 elephants (Lair:3)
  6 merfolk sirens
  2 water nymphs (Shoals:1)
  3 black mambas (Lair:5)
  4 kobold blastminers
  An ice statue (IceCv)
  4 torpor snails
  An apocalypse crab (Gauntlet)
  5 rime drakes
  13 cane toads
  3 unseen horrors
  A yaktaur (shapeshifter) (D:15)
  A kobold demonologist (D:14)
  12 ice devils (IceCv)
  7 freezing wraiths
  6 komodo dragons
  4 tengu conjurers
  3 anaconda simulacra (IceCv)
  7 trolls
  5 polar bears
  A wind drake (Shoals:1)
  2 merfolk (Shoals:2)
  33 tarantellas
  A snapping turtle (Shoals:2)
  13 blink frogs
  Prince Ribbit (D:7)
  3 dream sheep
  A glass eye (Gauntlet)
  23 culicivoras
  6 slime creatures (D:15)
  22 jumping spiders
  A vampire (D:11)
  2 shadows
  5 wraiths
  2 dire elephant simulacra (IceCv)
  A yak (shapeshifter) (D:15)
  4 wyverns
  8 water elementals
  91 yaks
  A golden eye (Gauntlet)
  8 vampire mosquitoes (D:13)
  5 basilisks
  2 wargs
  7 death yak simulacra (IceCv)
  A basilisk (shapeshifter) (D:14)
  57 redbacks
  3 steam dragons
  A hydra simulacrum (IceCv)
  An acid dragon (D:10)
  Menkaure (D:6)
  14 water moccasins
  Duvessa (D:4)
  A meliai simulacrum (D:14)
  5 ice beasts
  15 orc warriors
  5 black bears
  A sky beast (D:6)
  28 ogres
  31 wolves
  11 centaurs
  A phantom (D:4)
  7 kobold brigands
  15 bullfrogs
  3 scorpions
  3 wyvern zombies (D:7)
  5 cane toad simulacra (IceCv)
  19 wights
  Dowan (D:4)
  2 elephant simulacra (IceCv)
  A killer bee (D:8)
  6 electric eels
  3 howler monkeys (D:11)
  A centaur zombie (D:7)
  A bullfrog zombie (D:7)
  15 orc priests
  2 bombardier beetles (D:5)
  2 jellies
  Crazy Yiuf (D:3)
  2 gnoll boudas
  A hound (D:5)
  An iguana (D:5)
  7 hell rats (Lair:3)
  20 orc wizards
  A sleepcap (D:6)
  A troll simulacrum (IceCv)
  3 polar bear simulacra (IceCv)
  3 wolf simulacra (IceCv)
  2 howler monkey zombies (D:7)
  12 gnolls
  5 adders
  3 naga simulacra (IceCv)
  A river rat (shapeshifter) (D:13)
  2 shadow imps
  3 white imps
  3 ufetubi
  2 dart slugs
  3 ribbon worms (D:4)
  68 orcs
  11 ball pythons
  4 bats
  7 endoplasms
  8 giant cockroaches
  6 goblins
  5 hobgoblins
  3 quokkas
  A frilled lizard (D:2)
  10 kobolds
  6 rats
1008 creatures vanquished.

Vanquished Creatures (others)
  A centaur (D:13)
  A kobold brigand (D:8)
  A gnoll sergeant (D:8)
  An orc wizard (Orc:1)
  A white imp (D:8)
5 creatures vanquished.

Grand Total: 1013 creatures vanquished

Notes
Turn   | Place    | Note
-------+----------+-------------------------------------------
     0 | D:1      | ghhjgh the Minotaur Fighter began the quest for the Orb.
     0 | D:1      | Reached XP level 1. HP: 19/19 MP: 0/0
    73 | D:1      | Reached XP level 2. HP: 24/27 MP: 1/1
   221 | D:1      | Reached skill level 1 in Dodging
   384 | D:1      | Reached XP level 3. HP: 31/33 MP: 2/2
  1642 | D:3      | Reached XP level 4. HP: 27/40 MP: 3/3
  1984 | D:3      | Found a faded altar of an unknown god.
  2146 | D:3      | Found a runed translucent door.
  2147 | D:3      | Noticed Crazy Yiuf
  2153 | D:3      | Killed Crazy Yiuf
  2154 | D:3      | Reached XP level 5. HP: 47/47 MP: 4/4
  2407 | D:4      | Noticed an ogre
  2427 | D:4      | Killed an ogre
  2506 | D:4      | Noticed a black bear
  2517 | D:4      | Killed a black bear
  2518 | D:4      | Reached skill level 5 in Fighting
  2518 | D:4      | Reached skill level 5 in Armour
  2518 | D:4      | Reached skill level 5 in Shields
  2518 | D:4      | Reached XP level 6. HP: 34/56 MP: 5/5
  2873 | D:4      | Noticed Duvessa
  2875 | D:4      | Noticed Dowan
  2892 | D:4      | Killed Duvessa
  2893 | D:4      | Reached XP level 7. HP: 57/61 MP: 6/6
  2898 | D:4      | Killed Dowan
  3073 | D:4      | Reached skill level 5 in Axes
  3122 | D:4      | Found a bloodstained altar of Trog.
  3153 | D:5      | Entered Level 5 of the Dungeon
  3382 | D:5      | Reached XP level 8. HP: 70/70 MP: 7/7
  3989 | D:5      | Found a staircase to the Ecumenical Temple.
  3996 | Temple   | Entered the Ecumenical Temple
  4383 | D:6      | Found an iron altar of Okawaru.
  4421 | D:6      | Became a worshipper of Warmaster Okawaru
  4458 | D:6      | Noticed Menkaure
  4466 | D:6      | Killed Menkaure
  4477 | D:6      | Reached skill level 5 in Dodging
  4582 | D:6      | Identified the +2 scale mail "Wyneoll" {Harm}
  4799 | D:6      | Reached * piety under Okawaru
  4913 | D:6      | Reached XP level 9. HP: 79/79 MP: 8/8
  5090 | D:6      | Found a snail-covered altar of Cheibriados.
  5127 | D:7      | Noticed Prince Ribbit
  5136 | D:7      | Killed Prince Ribbit
  5142 | D:7      | Found a sacrificial altar of Ru.
  5340 | D:7      | Found a shadowy altar of Dithmenos.
  5346 | D:7      | Found a blossoming altar of Fedhas.
  5663 | D:7      | Gained mutation: You have an increased reservoir of magic.
                  | (+10% MP) [potion of mutation]
  5663 | D:7      | Gained mutation: Your flesh is cold resistant. (rC+)
                  | [potion of mutation]
  5663 | D:7      | Gained mutation: You are weak. (Str -2) [potion of
                  | mutation]
  5663 | D:7      | Gained mutation: You are agile. (Dex +4, Str/Int -1)
                  | [potion of mutation]
  5799 | D:7      | Reached ** piety under Okawaru
  5807 | D:7      | Found a basalt altar of Yredelemnul.
  6255 | D:8      | Noticed a tengu conjurer
  6267 | D:8      | Killed a tengu conjurer
  6417 | D:8      | Found a shimmering altar of Xom.
  6488 | D:8      | Reached *** piety under Okawaru
  6517 | D:8      | Found a hide-covered altar of Uskayaw.
  6522 | D:8      | Reached XP level 10. HP: 80/90 MP: 10/10
  6611 | D:8      | Noticed a +0 dagger
  6611 | D:8      | Noticed a +0 dagger
  6674 | D:8      | Found Ocsim's Tiny Tomes.
  6966 | D:9      | Found Gofyujuucw's Distillery.
  6974 | D:9      | Bought a potion of curing for 39 gold pieces
  6974 | D:9      | Bought 2 potions of curing for 78 gold pieces
  6974 | D:9      | Bought a potion of resistance for 130 gold pieces
  7110 | D:9      | Reached **** piety under Okawaru
  7434 | D:9      | Found a staircase to the Lair.
  7471 | D:9      | Noticed a two-headed ogre
  7484 | D:9      | Killed a two-headed ogre
  7484 | D:9      | Reached ***** piety under Okawaru
  7623 | D:10     | Entered Level 10 of the Dungeon
  7800 | D:10     | Noticed a harpy
  7809 | D:10     | Killed a harpy
  7810 | D:10     | Reached skill level 10 in Fighting
  7810 | D:10     | Reached XP level 11. HP: 99/99 MP: 11/11
  7821 | D:10     | Identified the staff of Famine {rN+ Str-5 Int+4 Dex+3 SInv
                  | Necro}
  7910 | D:10     | Reached skill level 10 in Armour
  7941 | D:10     | Received a gift from Okawaru
  7942 | D:10     | Reached skill level 10 in Shields
  8140 | D:10     | Noticed a centaur warrior
  8147 | D:10     | Killed a centaur warrior
  8359 | D:10     | Reached skill level 10 in Axes
  8523 | D:10     | Noticed a centaur warrior
  8538 | D:10     | Killed a centaur warrior
  8546 | D:10     | Noticed a five-headed hydra
  8563 | D:10     | Killed a 16-headed hydra
  8563 | D:10     | Received a gift from Okawaru
  8718 | D:10     | Noticed a boulder beetle
  8755 | D:10     | Killed a boulder beetle
  8834 | D:10     | Noticed a green very ugly thing
  8839 | D:10     | Noticed a wolf spider
  8842 | D:10     | Noticed a five-headed hydra
  8847 | D:10     | Killed a wolf spider
  8851 | D:10     | Killed an eight-headed hydra
  8854 | D:10     | Killed a green very ugly thing
  9202 | D:11     | Received a gift from Okawaru
  9619 | D:11     | Reached XP level 12. HP: 101/110 MP: 12/12
 10390 | D:11     | Found a staircase to the Orcish Mines.
 10480 | D:12     | Found a gate leading to a gauntlet.
 10489 | Gauntlet | Entered a Gauntlet
 10489 | Gauntlet | Found a transporter.
 10489 | Gauntlet | Found a transporter.
 10511 | Gauntlet | Found a transporter.
 10518 | Gauntlet | Found a transporter.
 10518 | Gauntlet | Found a transporter.
 10518 | Gauntlet | Found a transporter.
 10520 | Gauntlet | Found a transporter.
 10520 | Gauntlet | Found a transporter.
 10525 | Gauntlet | Found a runed translucent door.
 10532 | Gauntlet | Found a transporter.
 10548 | Gauntlet | Found a transporter.
 10550 | Gauntlet | Found a runed translucent door.
 10556 | Gauntlet | Noticed a green death
 10558 | Gauntlet | Found a transporter.
 10572 | Gauntlet | Found a transporter.
 10592 | Gauntlet | Found a transporter.
 10605 | Gauntlet | Found a transporter.
 10672 | Gauntlet | Identified the +1 cloak "Miucekha" {Regen+ MP+9 Str+4
                  | Int-2}
 10698 | Gauntlet | Reached skill level 10 in Dodging
 10703 | Gauntlet | Reached ****** piety under Okawaru
 10703 | Gauntlet | Received a gift from Okawaru
 10704 | Gauntlet | Acquired a +3 antimagic broad axe
 10704 | Gauntlet | Received a gift from Okawaru
 10798 | Gauntlet | Acquired the +2 hat "Faag" {Harm rC+ Str+2 Slay+3}
 10798 | Gauntlet | Received a gift from Okawaru
 10812 | Gauntlet | Identified the ring of Ilogem {Fire rPois Str+3 Int+3}
 10838 | Gauntlet | Identified the +7 flail of Vesieddext {vamp, rElec rC-
                  | Will+ Int+3}
 10838 | Gauntlet | Noticed a minotaur
 10844 | Gauntlet | Killed a minotaur
 10852 | Gauntlet | Identified the ring "Exaysse" {^Drain rPois rC+ Str+2 SInv}
 11110 | D:12     | Noticed a two-headed ogre
 11114 | D:12     | Killed a two-headed ogre
 11174 | D:12     | Noticed a boulder beetle
 11183 | D:12     | Killed a boulder beetle
 11523 | D:12     | Noticed a two-headed ogre
 11527 | D:12     | Killed a two-headed ogre
 11527 | D:12     | Received a gift from Okawaru
 11737 | D:13     | Noticed a centaur warrior
 11737 | D:13     | Noticed a centaur warrior
 11739 | D:13     | Killed a centaur warrior
 11740 | D:13     | Noticed a centaur warrior
 11749 | D:13     | Killed a centaur warrior
 11750 | D:13     | Killed a centaur warrior
 11871 | D:13     | Received a gift from Okawaru
 12053 | D:13     | Reached XP level 13. HP: 119/119 MP: 13/13
 12402 | D:14     | Found a gate to the Vaults.
 12410 | D:14     | Received a gift from Okawaru
 12583 | D:14     | Found a runed translucent door.
 12828 | D:14     | Found a runed translucent door.
 12828 | D:14     | Noticed the 27-headed Lernaean hydra
 13025 | Lair:1   | Entered Level 1 of the Lair of Beasts
 13222 | Lair:1   | Identified the +3 pair of boots of Zinael {Regen+}
 13927 | Lair:2   | Received a gift from Okawaru
 13929 | Lair:2   | Noticed Gastronok
 13941 | Lair:2   | Killed Gastronok
 13996 | Lair:2   | Received a gift from Okawaru
 14039 | Lair:2   | Found a staircase to the Shoals.
 14190 | Lair:2   | Reached XP level 14. HP: 130/130 MP: 14/14
 14579 | Lair:3   | Noticed Sonja
 14584 | Lair:3   | Received a gift from Okawaru
 14588 | Lair:3   | Killed Sonja
 14736 | Lair:3   | Found a hole to the Spider Nest.
 15416 | Lair:4   | Found a viscous altar of Jiyva.
 15422 | Lair:4   | Found a staircase to the Slime Pits.
 15807 | Lair:4   | Found a transporter.
 15807 | Lair:4   | Noticed Dawoas's ghost (journeyman VSEn)
 15819 | Lair:4   | Found a transporter.
 16133 | Lair:4   | Received a gift from Okawaru
 16140 | Lair:4   | Killed Dawoas's ghost
 16188 | Lair:5   | Entered Level 5 of the Lair of Beasts
 16308 | Lair:5   | Found a frozen archway.
 16318 | IceCv    | Entered an ice cave
 16391 | IceCv    | Received a gift from Okawaru
 16482 | IceCv    | Found an ancient bone altar of Kikubaaqudgha.
 16854 | Lair:5   | Reached XP level 15. HP: 139/139 MP: 15/15
 16887 | Lair:5   | Reached skill level 15 in Fighting
 16928 | Lair:5   | Reached skill level 15 in Shields
 16935 | Lair:5   | Received a gift from Okawaru
 16972 | Lair:5   | Reached skill level 15 in Armour
 17290 | Lair:5   | Reached skill level 15 in Axes
 17306 | Lair:5   | Received a gift from Okawaru
 17770 | Orc:1    | Entered Level 1 of the Orcish Mines
 17777 | Orc:1    | Noticed Erolcha
 17783 | Orc:1    | Killed Erolcha
 17862 | Orc:1    | Paralysed by an ogre mage for 5 turns
 17868 | Orc:1    | Found Babuggob's Book Boutique.
 17883 | Orc:1    | Found Beizuas's Book Shoppe.
 17883 | Orc:1    | Found Ycue's Book Boutique.
 17938 | Orc:1    | Noticed Josephine
 17944 | Orc:1    | Killed Josephine
 18149 | Orc:2    | Entered Level 2 of the Orcish Mines
 18208 | Orc:2    | Paralysed by something for 5 turns
 18214 | Orc:2    | Received a gift from Okawaru
 18317 | Orc:2    | Received a gift from Okawaru
 18328 | Orc:2    | Found Poxkuiddi's Weapon Boutique.
 18328 | Orc:2    | Found Releb's Magic Scroll Emporium.
 18329 | Orc:2    | Found Vator's Magic Scroll Shoppe.
 18329 | Orc:2    | Found Vurr's Armour Boutique.
 18337 | Orc:2    | Bought a scroll of blinking for 112 gold pieces
 18337 | Orc:2    | Bought a scroll of revelation for 112 gold pieces
 18339 | Orc:2    | Bought a scroll of revelation for 120 gold pieces
 18339 | Orc:2    | Bought a scroll of teleportation for 48 gold pieces
 18339 | Orc:2    | Bought a scroll of enchant armour for 120 gold pieces
 18339 | Orc:2    | Bought a scroll of revelation for 120 gold pieces
 18339 | Orc:2    | Bought a scroll of immolation for 64 gold pieces
 18341 | Orc:2    | Bought a scroll of teleportation for 45 gold pieces
 18341 | Orc:2    | Bought a scroll of fog for 60 gold pieces
 18445 | Orc:2    | Reached XP level 16. HP: 151/151 MP: 16/16
 18453 | Orc:2    | Found a staircase to the Elven Halls.
 18486 | Orc:2    | Found Cisyr's General Store.
 18496 | Orc:2    | Bought a scroll of revelation for 105 gold pieces
 18496 | Orc:2    | Bought a scroll of enchant armour for 105 gold pieces
 18496 | Orc:2    | Bought a scroll of teleportation for 42 gold pieces
 18582 | Orc:2    | Found Nidow's Weapon Emporium.
 18622 | Orc:2    | Found Hoorchil's Magic Scroll Emporium.
 18627 | Orc:2    | Bought a scroll of fear for 40 gold pieces
 18805 | D:15     | Entered Level 15 of the Dungeon
 19248 | D:15     | Found a staircase to the Depths.
 19846 | Spider:1 | Entered Level 1 of the Spider Nest
 19953 | Spider:1 | Received a gift from Okawaru
 20847 | Spider:2 | Noticed Frances
 20986 | Spider:2 | Received a gift from Okawaru
 21516 | Spider:2 | Reached skill level 15 in Dodging
 21521 | Spider:2 | Killed Frances
 21872 | Spider:3 | Identified the +4 ring mail of Wuylora {Dex+3}
 21914 | Spider:3 | Received a gift from Okawaru
 21999 | Spider:3 | Identified the +1 robe of the Hurricane {Dex+5}
 22366 | Spider:3 | Reached XP level 17. HP: 161/161 MP: 17/17
 22389 | Spider:3 | Received a gift from Okawaru
 22824 | Spider:4 | Entered Level 4 of the Spider Nest
 23090 | Spider:4 | Received a gift from Okawaru
 23204 | Spider:4 | Reached skill level 1 in Invocations
 23228 | Spider:4 | Identified the serpent talisman "Rauxesch" {Int+2}
 23618 | Spider:4 | Received a gift from Okawaru
 23941 | Spider:4 | Got a gossamer rune of Zot
 24274 | Shoals:1 | Entered Level 1 of the Shoals
 24336 | Shoals:1 | Got Efa Nist's Compilation of the Wind and Orogeny
 24466 | Shoals:1 | Found Hyghecis's Armour Emporium.
 24831 | Shoals:2 | Received a gift from Okawaru
 24884 | Shoals:2 | HP: 1/163 [water nymph/the raging water (38)]
 24885 | Shoals:2 | Drowned by a water nymph

Illustrated notes

Levels and vault maps discovered:
D:1:      erik_arrival_orb_chamber, layout_basic, minmay_tree_intersection,
          minmay_worlds_worst_comb
D:2:      layout_loops_ring
D:3:      layout_loops_corners, serial_forest, infiniplex_forest_lined_2,
          infiniplex_forest_straight_2, infiniplex_forest_lined_2,
          infiniplex_forest_lined_2, infiniplex_forest_lined_2,
          infiniplex_forest_lined_ring, dreamdust_ecumenical_altar_grove,
          feat_on_display, uniq_crazy_yiuf_cottage
D:4:      layout_rooms, lightli_temple_of_fire, uniq_duvessa
D:5:      layout_cave_pools, minmay_temple_entry_enclosed_plants, serial_rivers,
          chequers_serial_rivers_micro_d, chequers_serial_rivers_large_b,
          chequers_serial_rivers_room_b, chequers_serial_rivers_micro_c,
          chequers_serial_rivers_room_a
D:6:      layout_cave_pools, marbit_many_paths, okawaru_trees_2, uniq_menkaure
D:7:      layout_loops_ring, nicolae_yredelemnul_corpse_copse,
          mainiacjoe_overflow_surrounded_room,
          mainiacjoe_overflow_catwalk_spiral, amcnicky_mini_corridor_feature,
          uniq_prince_ribbit1
D:8:      layout_cave_pools, xom_confusion_cloud, dancing_weapons_uskayaw,
          minmay_misc_feat_roman, nicolae_shop_i_like_small_books_too,
          kennysheep_flooded_box
D:9:      layout_roguey, hellmonk_lair_entry_icy, serial_shops, shop,
          eino_tiny_chamber
D:10:     minmay_sliced_demisemicircle, layout_irregular_city,
          grunt_ministairs_5, kennysheep_island_fort
D:11:     layout_rooms, erik_orc_2
D:12:     layout_grid_maze, gauntlet_entry_generic
D:13:     layout_rooms, minmay_misc_feat_nine_boxes
D:14:     layout_gridville, david_vaults_2, chequers_serial_rivers_micro_a,
          chequers_serial_rivers_small_b, nicolae_hydra_factorization
D:15:     hangedman_depths_entry_try_elsewhere_first, layout_loops_ring,
          minmay_misc_feat_enclosed
Temple:   nicolae_temple_god_jail
Lair:1:   beast_lair_carwin_large_2, layout_cave_pods,
          grunt_forest_small_clearings, grunt_megastairs_3, lemuel_fruit_fields
Lair:2:   layout_hall_layers, nicolae_shoals_entry_roost, serial_bayou_shore_b,
          grunt_megastairs_4, uniq_gastronok
Lair:3:   layout_roguey, nicolae_spider_entry_orb_guardian, serial_bayou_pond_a,
          serial_bayou_pond_e, uniq_sonja
Lair:4:   layout_regular_city, minmay_slime_entry_oklob_enclosed,
          gammafunk_ghost_arena, lemuel_fruit_tree
Lair:5:   evilmike_catoblepas_cave, layout_gridlike,
          portal_ice_cave_entry_pillars_2, guppyfry_lair_drakes
Shoals:1: layout_shoals, serial_shops, shop_statue
Shoals:2: layout_shoals, nicolae_shoals_elemental_ambush
Spider:1: layout_spider_delve
Spider:2: layout_cave_pods, uniq_frances
Spider:3: nicolae_spider_hilbert_zone_1 [nicolae_spider_hilbert_4_sides_1_open,
          nicolae_spider_hilbert_4_sides_1_open,
          nicolae_spider_hilbert_4_sides_1_open,
          nicolae_spider_hilbert_4_sides_1_open,
          nicolae_spider_hilbert_3_sides_1_open,
          nicolae_spider_hilbert_3_sides_1_open,
          nicolae_spider_hilbert_3_sides_1_open,
          nicolae_spider_hilbert_3_sides_1_open,
          nicolae_spider_hilbert_3_sides_1_open,
          nicolae_spider_hilbert_6_sides_1_open,
          nicolae_spider_hilbert_6_sides_1_open,
          nicolae_spider_hilbert_3_sides_1_open,
          nicolae_spider_hilbert_3_sides_1_open,
          nicolae_spider_hilbert_3_sides_1_open,
          nicolae_spider_hilbert_3_sides_1_open,
          nicolae_spider_hilbert_2_sides_1_open]
Spider:4: grunt_spider_rune_circles, hangedman_spider_tarantella_strand
Orc:1:    layout_caves, basic_altar, guppyfry_orc_lava_fort, uniq_josephine,
          uniq_erolcha
Orc:2:    st_orc_ogre_mass, layout_caves, serial_shops, shop,
          nicolae_shop_rolling_square, nicolae_lakefront_shop

Skill      XL: |  1  2  3  4  5  6  7  8  9 10 11 12 13 14 15 16 17 |
---------------+----------------------------------------------------+-----
Dodging        | 1 2 3 4 5 6 8 9 10 12 13 14 15 16 | 16.2
Fighting       | 4 5 6 7 8 10 11 12 13 14 16 17 18 | 18.0
Shields        | 4 5 6 7 8 9 11 12 13 14 16 17 18 | 18.0
Armour         | 4 5 6 7 8 9 11 12 13 14 16 17 | 17.9
Axes           | 3 4 5 6 8 9 10 12 13 14 15 17 | 17.8
Invocations    | 3 |  3.3

Action                     |  1- 3 |  4- 6 |  7- 9 | 10-12 | 13-15 | 16-18 || total
---------------------------+-------+-------+-------+-------+-------+-------++-------
  Melee: War axe           |    95 |    72 |   245 |   482 |       |       ||   894
         Headbutt          |    12 |    14 |    49 |   131 |    80 |   137 ||   423
         Broad axe         |       |       |       |    51 |   498 |   556 ||  1105
 Invoke: Heroism           |       |       |       |     1 |       |     5 ||     6
         Receive Weapon    |       |       |       |     1 |       |       ||     1
         Receive Armour    |       |       |       |     1 |       |       ||     1
  Evoke: Wand              |       |       |       |     5 |       |       ||     5
    Use: Scroll            |     6 |     3 |     8 |     9 |    10 |     8 ||    44
         Potion            |       |       |     1 |     8 |       |     4 ||    13
   Stab: Invisible         |       |       |       |     4 |       |       ||     4
 Armour: Scale mail        |    52 |    58 |       |   141 |       |       ||   251
         Chain mail        |       |    11 |   200 |   315 |   455 |    29 ||  1010
         Plate armour      |       |       |       |       |       |   618 ||   618
  Dodge: Dodged            |    44 |    49 |   166 |   377 |   484 |   471 ||  1591
  Block: Buckler           |    31 |    13 |    63 |   194 |   292 |   277 ||   870

Table legend: (Time is in decaauts)
 A = Elapsed time spent in this place.
 B = Non-inter-level travel time spent in this place.
 C = Inter-level travel time spent in this place.
 D = Time resting spent in this place.
 E = Time spent auto-exploring this place.
 F = Levels seen in this place.
 G = Mean time per level.
                   A        B        C        D        E       F      G
               +--------+--------+--------+--------+--------+-----+--------+
         Total |  25429 |  23777 |   1652 |    587 |  17637 |  31 |  820.3 |
       Dungeon |  13973 |  13135 |    838 |    490 |   9878 |  15 |  931.5 |
        Temple |      9 |      4 |      5 |      0 |      0 |   1 |    9.0 |
          Lair |   4493 |   3999 |    494 |      0 |   3170 |   5 |  898.6 |
        Shoals |    680 |    610 |     70 |      0 |    399 |   2 |  340.0 |
   Spider Nest |   4423 |   4219 |    204 |      2 |   3209 |   4 | 1105.8 |
  Orcish Mines |    996 |    957 |     39 |     32 |    591 |   2 |  498.0 |
      Ice Cave |    475 |    475 |      0 |     10 |    202 |   1 |  475.0 |
      Gauntlet |    378 |    378 |      0 |     53 |    186 |   1 |  378.0 |
               +--------+--------+--------+--------+--------+-----+--------+

Top non-repeatable levels by time:
    D:10: 1569 daAuts
    D:11: 1501 daAuts
Spider:4: 1344 daAuts
     D:5: 1156 daAuts
     D:7: 1070 daAuts
Spider:2: 1065 daAuts
Spider:3: 1048 daAuts
  Lair:1: 1025 daAuts
     D:3: 969 daAuts
    D:12: 968 daAuts
  Lair:3: 966 daAuts
Spider:1: 964 daAuts
  Lair:5: 947 daAuts
     D:6: 855 daAuts
     D:9: 851 daAuts
